 Dungeon Crawl Stone Soup version 0.19-a0-594-g235f30c (webtiles) character file.

347 Laraso the Magician (level 6, -8/32 HPs)
             Began as a Deep Elf Venom Mage on June 10, 2016.
             Mangled by a wyvern skeleton (13 damage)
             ... on level 6 of the Dungeon.
             The game lasted 00:07:11 (4283 turns).

Laraso the Magician (Deep Elf Venom Mage)           Turns: 4283, Time: 00:07:11

Health: -8/32      AC:  4    Str:  5    XL:     6   Next: 32%
Magic:  18/18      EV: 13    Int: 22    God:
Gold:   264        SH:  0    Dex: 15    Spells: 5 memorised, 4 levels left

rFire  . . .     SeeInvis .     a - +4 whip
rCold  . . .     Gourm    .     q - +1 robe
rNeg   . . .     Faith    .     (no shield)
rPois  .         Spirit   .     (no helmet)
rElec  .         Dismiss  .     (no cloak)
rCorr  .         Reflect  .     (no gloves)
SustAt .         Harm     .     r - +0 pair of boots
MR     .....                    (no amulet)
Stlth  ++........               (no ring)
                                (no ring)

@: not resistant to hostile enchantments, unstealthy
A: no striking features
a: no special abilities


You were on level 6 of the Dungeon.
You were not hungry.

You visited 1 branch of the dungeon, and saw 6 of its levels.

You collected 264 gold pieces.

Inventory:

Hand Weapons
 a - a +4 whip (weapon)
 b - a +0 blowgun
 z - a +0 rapier
Missiles
 i - 24 poisoned needles
Armour
 q - a +1 robe (worn)
 r - a +0 pair of boots (worn)
Jewellery
 u - an uncursed ring of stealth {unknown}
Wands
 y - a wand of disintegration (10/24)
Scrolls
 e - 2 scrolls of enchant weapon
 l - a scroll of recharging
 n - 3 scrolls of teleportation
 v - 2 scrolls of identify
 w - a scroll of fear {unknown}
 x - a scroll of noise {unknown}
 A - a scroll of blinking {unknown}
Potions
 g - 2 potions of magic
 k - a potion of heal wounds {unknown}
 m - a potion of resistance {unknown}
 o - a potion of brilliance {unknown}
 t - a potion of might {unknown}
 B - a potion of degeneration {unknown}
Books
 p - a Young Poisoner's Handbook

   Spells                             Type                      Level
   a - Sting                          Conjuration/Poison           1
   b - Cure Poison                    Poison                       2
   c - Mephitic Cloud                 Conjuration/Poison/Air       3
   d - Olgreb's Toxic Radiance        Poison                       4
   e - Venom Bolt                     Conjuration/Poison           5
Comestibles
 c - 3 bread rations
 f - a beef jerky
 h - 4 fruits
 j - 2 slices of pizza
 s - a chunk of flesh


   Skills:
 - Level 2.4 Dodging
 - Level 2.4 Stealth
 * Level 7.1 Spellcasting
 - Level 4.3 Conjurations
 - Level 4.3 Poison Magic


You had 4 spell levels left.
You knew the following spells:

 Your Spells              Type           Power        Failure   Level  Hunger
a - Sting                 Conj/Pois      ####         1%          1    None
d - Mephitic Cloud        Conj/Pois/Air  ###.....     10%         3    None
e - Olgreb's Toxic Radia  Pois           ####....     14%         4    ###....
q - Cure Poison           Pois           ####......   1%          2    None
v - Venom Bolt            Conj/Pois      ####......   38%         5    #####..


Dungeon Overview and Level Annotations

Branches:
Dungeon (6/15)
 Temple: D:4-7

Altars:
Trog

Shops:
D:4 (

Annotations:
D:3 tedric's ghost, amateur NaVM
D:5 dickylongcocking's ghost, amateur SpCj


Message History

You take 2 damage, and have 25/32 hp.
You hit the worker ant.
You feel sick. The worker ant closely misses you. The worker ant misses you.
You take 1 damage, and have 24/32 hp.
You hit the worker ant.
You kill the worker ant!
Your Spellcasting skill increases to level 7!
You feel sick.
You take 1 damage, and have 23/32 hp.
You see here a worker ant corpse.
You butcher the worker ant corpse.
You feel sick.
s - 2 chunks of flesh You take 1 damage, and have 22/32 hp.
You start resting.
Eating one of 2 chunks of flesh.
You feel sick.
You continue eating. x2
You take 1 damage, and have 21/32 hp.
You start resting.
You feel sick.
You take 1 damage, and have 20/32 hp.
You start resting.
You feel sick.
You start resting.
MP restored: 18 You start resting.
You feel sick.
You take 1 damage, and have 19/32 hp.
You start resting.
You feel sick.
You start resting.
You feel sick.
You are no longer poisoned.
You take 1 damage, and have 18/32 hp.
You start resting.
A wyvern skeleton comes into view.
You regained 5 hp, and now have 23/32 hp.
A wyvern skeleton is nearby!
A wyvern skeleton is nearby!
Unknown command.
You can't see any susceptible monsters within range! (Use Z to cast anyway.) Unknown command.
The wyvern skeleton bites you!
* * * LOW HITPOINT WARNING * * *
You take 13 damage, and have 10/32 hp.
MASSIVE DAMAGE!!
You hit the wyvern skeleton.
The wyvern skeleton bites you but does no damage.
Unknown command.
You feel better. The wyvern skeleton closely misses you.
The wyvern skeleton bites you but does no damage.
You regained 5 hp, and now have 15/32 hp.
Unknown command.
You hit the wyvern skeleton. The wyvern skeleton barely misses you.
You hit the wyvern skeleton.
The wyvern skeleton bites you but does no damage.
You barely miss the wyvern skeleton. The wyvern skeleton bites you!
* * * LOW HITPOINT WARNING * * *
The wyvern skeleton closely misses you.
You take 10 damage, and have 5/32 hp.
MASSIVE DAMAGE!!
You whack the wyvern skeleton! The wyvern skeleton bites you!
You die...

#.....# #.....#
#.....# #.....#
#.....#
#..$..###
#..Z...#
#..@...#
#......#
#......#
#......#
#......########
#.............#
####+##.......#
.... #.......#
.......
#.......#


You could see a wyvern skeleton.

Vanquished Creatures
  2 scorpions (D:4)
  2 hounds (D:4)
  A worker ant (D:6)
  3 gnolls (D:4)
  6 adders
  2 worms
  3 dart slugs
  3 giant geckos
  9 orcs
  11 bats
  2 giant cockroaches
  3 goblins
  6 hobgoblins
  4 jackals (D:4)
  3 giant newts
  A jackal skeleton (D:4)
  4 kobolds
  3 rats
68 creatures vanquished.

Notes
Turn   | Place    | Note
--------------------------------------------------------------
     0 | D:1      | Laraso the Deep Elf Venom Mage began the quest for the Orb.
     0 | D:1      | Reached XP level 1. HP: 10/10 MP: 6/6
   177 | D:1      | Reached skill level 1 in Conjurations
   349 | D:1      | Reached XP level 2. HP: 15/15 MP: 6/8
   456 | D:1      | Reached skill level 2 in Conjurations
   745 | D:1      | Learned a level 2 spell: Cure Poison
   774 | D:2      | HP: 5/15 [adder (2)]
  1024 | D:2      | Reached skill level 3 in Conjurations
  1024 | D:2      | Reached XP level 3. HP: 19/19 MP: 5/9
  1048 | D:2      | Learned a level 3 spell: Mephitic Cloud
  1611 | D:3      | Noticed tedric's ghost (amateur NaVM)
  1726 | D:3      | Reached skill level 4 in Conjurations
  1968 | D:3      | Reached XP level 4. HP: 24/24 MP: 6/10
  2088 | D:3      | Found a bloodstained altar of Trog.
  2861 | D:4      | Reached skill level 4 in Spellcasting
  2892 | D:4      | Reached XP level 5. HP: 28/28 MP: 5/13
  2905 | D:4      | Learned a level 4 spell: Olgreb's Toxic Radiance
  2925 | D:4      | Found Becrozin's Weapon Shop.
  3051 | D:4      | Noticed a phantom
  3072 | D:5      | Entered Level 5 of the Dungeon
  3117 | D:4      | Reached skill level 5 in Spellcasting
  3239 | D:4      | Reached skill level 6 in Spellcasting
  3247 | D:4      | HP: 9/28 [orc/mace of crushing (4)]
  3256 | D:4      | HP: 6/28 [orc/club (3)]
  3269 | D:4      | Reached XP level 6. HP: 8/32 MP: 4/17
  3509 | D:4      | Learned a level 5 spell: Venom Bolt
  3924 | D:5      | Noticed dickylongcocking's ghost (amateur SpCj)
  3935 | D:5      | HP: 5/32 [dickylongcocking's ghost/spray of energy (10)]
  4205 | D:6      | Reached skill level 7 in Spellcasting
  4277 | D:6      | HP: 10/32 [wyvern skeleton (13)]
  4282 | D:6      | HP: 5/32 [wyvern skeleton (11)]
  4283 | D:6      | Mangled by a wyvern skeleton

Vault maps used:
D:1:      dpeg_arrival_central
D:3:      old_standard_altar, first_bread
D:4:      portal_sewer_entry_e, serial_shops, shop
D:5:      minmay_temple_entry_junction2, minmay_misc_feat_chi
D:6:      uniq_duvessa, uniq_pikel, uniq_crazy_yiuf_cottage

Skill      XL: |  1  2  3  4  5  6 |
---------------+-------------------+-----
Conjurations   | 1 3 4 |  4.3
Spellcasting   | 4 6 7 |  7.1
Dodging        | |  2.4
Stealth        | |  2.4
Poison Magic   | |  4.3

Action                   |  1- 3 |  4- 6 || total
-------------------------+-------+-------++-------
Melee: Whip              |    10 |    44 ||    54
 Cast: Sting             |    65 |    67 ||   132
       Cure Poison       |     1 |       ||     1
       Mephitic Cloud    |       |     1 ||     1
       Olgreb's Toxic Ra |       |     1 ||     1
  Use: Scroll            |     6 |     3 ||     9
       Potion            |       |     2 ||     2
 Stab: Sleeping          |       |     1 ||     1
  Eat: Chunk             |     3 |     7 ||    10
Armor: Robe              |     2 |    14 ||    16
Dodge: Dodged            |    10 |    39 ||    49

Table legend:
 A = Kills in this place as a percentage of kills in entire the game.
 B = Kills by you in this place as a percentage of kills by you in the entire game.
 C = Kills by friends in this place as a percentage of kills by friends in the entire game.
 D = Other kills in this place as a percentage of other kills in the entire game.
 E = Experience gained in this place as a percentage of experience gained in the entire game.
 F = Experience gained in this place divided by the number of levels of this place that you have seen.
                   A       B       C       D       E      F
               +-------+-------+-------+-------+-------+----------------------
         Total | 100.0 | 100.0 |  -nan | 100.0 | 100.0 |  82.7
       Dungeon | 100.0 | 100.0 |  -nan | 100.0 | 100.0 |  82.7
               +-------+-------+-------+-------+-------+----------------------

Table legend:
 A = Turns spent in this place as a percentage of turns spent in the entire game.
 B = Non-inter-level travel turns spent in this place as a percentage of non-inter-level travel turns spent in the entire game.
 C = Inter-level travel turns spent in this place as a percentage of turns spent in this place.
 D = Turns resting spent in this place as a percentage of non-inter-level travel turns spent in this place.
 E = Turns spent auto-exploring this place as a percentage of non-inter-level travel turns spent in this place.
 F = Non-inter-level travel turns spent in this place divided by the number of levels of this place that you've seen.
                   A       B       C       D       E      F
               +-------+-------+-------+-------+-------+----------------------
         Total | 100.0 | 100.0 |   1.1 |   5.8 |  11.9 | 181.7
       Dungeon | 100.0 | 100.0 |   1.1 |   5.8 |  11.9 | 181.7
               +-------+-------+-------+-------+-------+----------------------

Vault maps used:
D:1:      dpeg_arrival_central
D:3:      old_standard_altar, first_bread
D:4:      portal_sewer_entry_e, serial_shops, shop
D:5:      minmay_temple_entry_junction2, minmay_misc_feat_chi
D:6:      uniq_duvessa, uniq_pikel, uniq_crazy_yiuf_cottage
